 Dungeon Crawl Stone Soup version 0.27-a0-1245-g940ed4fa31 (webtiles) character file.

Game seed: 17638385875897402080

1872 bjtr the Digger (level 9, -1/52 HPs)
             Began as a Gargoyle Earth Elementalist on June 9, 2021.
             Was an Initiate of Vehumet.
             Slain by Maggie
             ... wielding a +0 morningstar of flaming
              (12 damage)
             ... on level 6 of the Dungeon on June 10, 2021.
             The game lasted 00:35:43 (9225 turns).

bjtr the Digger (Gargoyle Earth Elementalist)       Turns: 9225, Time: 00:35:46

Health: -1/52      AC: 14    Str: 12    XL:     9   Next: 14%
Magic:  1/15       EV: 12    Int: 19    God:    Vehumet [......]
Gold:   202        SH:  4    Dex: 10    Spells: 10/16 levels left

rFire    . . .     SeeInvis .   h - +1 flail
rCold    . . .     Faith    .   l - +0 buckler
rNeg     + . .     Spirit   .   n - +2 leather armour {rPois}
rPois    ∞         Reflect  .   (no helmet)
rElec    +         Harm     .   z - +0 cloak
rCorr    .         Rampage  .   o - +0 pair of gloves
Will     .....                  (no boots)
Stlth    ++........             (no amulet)
HPRegen  0.17/turn              (no ring)
MPRegen  0.14/turn              (no ring)

@: mesmerised
A: sickness immunity, AC +6, negative energy resistance 1, electricity
resistance, torment resistance 1, petrification resistance
a: Renounce Religion


You were on level 6 of the Dungeon.
You worshipped Vehumet.
Vehumet was noncommittal.
You visited 2 branches of the dungeon, and saw 7 of its levels.

You collected 256 gold pieces.
You spent 54 gold pieces at shops.

Inventory:

Hand Weapons
 c - a +0 scythe
 d - a +0 short sword
 e - a +2 dagger of holy wrath
 h - a +1 flail (weapon)
 m - a +0 hunting sling
 p - a +1 vorpal hand axe
 u - a +0 long sword
 y - a +3 quarterstaff of chaos
 A - a +0 war axe
 B - a +1 dagger of venom
Missiles
 a - 25 poisoned darts
 b - 221 stones (quivered)
 r - a throwing net
Armour
 i - a +2 robe of fire resistance
 l - a +0 buckler (worn)
 n - a +2 leather armour of poison resistance (worn)
 o - a +0 pair of gloves (worn)
 z - a +0 cloak (worn)
Jewellery
 f - a ring of see invisible
Wands
 v - a wand of digging (8)
 w - a wand of iceblast (8)
 x - a wand of flame (9)
Scrolls
 j - 3 scrolls of immolation
 s - 2 scrolls of enchant weapon
Potions
 g - 2 potions of curing
 k - a potion of cancellation
 q - 4 potions of mutation
 t - 3 potions of brilliance


   Skills:
 * Level 4.7 Fighting
 + Level 3.1 Armour
 + Level 3.0 Dodging
 + Level 3.2 Stealth
 * Level 3.7 Shields
 + Level 4.2 Spellcasting
 * Level 4.4 Conjurations
 * Level 2.9 Hexes
 + Level 0.7 Transmutations
 * Level 7.0 Earth Magic


You had 10 spell levels left.
You knew the following spells:

 Your Spells              Type           Power      Damage    Failure   Level
a - Sandblast             Erth           60%        2d14      1%          1
b - Stone Arrow           Conj/Erth      50%        3d10      4%          3
c - Passwall              Tmut/Erth      15%        N/A       5%          2

Your spell library contained the following spells:

 Spells                   Type           Power      Damage    Failure   Level
 Corona                   Hex            16%        N/A       5%          1
 Dazzling Flash           Conj/Hex       36%        N/A       12%         3
 Ensorcelled Hibernation  Hex/Ice        18%        N/A       14%         2
 Confusing Touch          Hex            15%        N/A       16%         3
 Tukima's Dance           Hex            15%        N/A       16%         3
 Summon Small Mammal      Summ           16%        N/A       19%         1
 Call Imp                 Summ           4%         N/A       26%         2
 Lee's Rapid Deconstruct  Erth           15%        3d11*     26%         5
 Summon Guardian Golem    Hex/Summ       9%         N/A       28%         3
 Petrify                  Tmut/Erth      18%        N/A       34%         4
 Call Canine Familiar     Summ           4%         N/A       47%         3
 Summon Ice Beast         Ice/Summ       4%         N/A       87%         4
 Summon Lightning Spire   Summ/Air       4%         N/A       87%         4


Dungeon Overview and Level Annotations

Branches:
Dungeon (6/15)             Temple (1/1) D:5

Altars:
Ashenzari
Cheibriados
Dithmenos
Elyvilon
Fedhas
Gozag
Hepliaklqana
Kikubaaqudgha
Makhleb
Nemelex Xobeh
Okawaru
Qazlal
Ru
Sif Muna
Trog
Uskayaw
Vehumet
Wu Jian
Xom
Yredelemnul
Zin

Shops:
D:2 [

Annotations:
D:6 Maggie


Innate Abilities, Weirdness & Mutations

You are immune to sickness and miasma.
Your stone body is resilient. (AC +6)
You are immune to poison.
You resist negative energy. (rN+)
You are resistant to electric shocks. (rElec)
You are resistant to unholy torment.
You are immune to petrification.


Message History

Maggie drinks a potion.
Maggie is healed!
Casting: Stone Arrow (dangerous; 4% risk of failure)
Confirm with . or Enter, or press ? or * to list all spells.
Aiming: Stone Arrow (dangerous; 4% risk of failure)
Press: ? - help, Shift-Dir - straight line, f/p - Maggie
Aim: Maggie, wielding a +0 morningstar of flaming and wearing +0 swamp dragon scales (severely wounded, mesmerising, 75% to hit)
The stone arrow hits Maggie!
Maggie is almost dead.
Unknown command.
Casting: Stone Arrow (dangerous; 4% risk of failure)
Confirm with . or Enter, or press ? or * to list all spells.
You don't have enough magic to cast this spell.
You hit Maggie but do no damage.
Maggie is almost dead.
Maggie points at you and mumbles some strange words.
The bolt of fire hits you!
Unknown command.
You closely miss Maggie.
Maggie is almost dead.
Maggie casts a spell.
Maggie draws you further into her thrall.
You hit Maggie but do no damage.
Maggie is almost dead.
Maggie hits you but does no damage.
Maggie gestures wildly while chanting.
Maggie draws you further into her thrall.
You hit Maggie but do no damage.
Maggie is almost dead.
Maggie gestures at you while chanting. The bolt of fire hits you!
Okay, then.
Unknown command.
You closely miss Maggie.
Maggie is almost dead.
Maggie hits you with a +0 morningstar of flaming!
* * * LOW HITPOINT WARNING * * *
Maggie burns you.
* * * LOW HITPOINT WARNING * * *
Maggie hits you with a +0 morningstar of flaming!
You die...

.. #.####.## #.#..... #
###.#.#.##.# ...........# #####
### .....<..########...#########
#..
#>.............#.#.........####..
.....@.........@_.............'..
#.#..s####.#####@########...###..
(......@.#.# #.# #.#.# ###
..#.####s#.# #.# #.#.#
.....s.....# #.#### ##.#.##
.$..####.### ##...## #.....# ..[.
#.# ##..♣..###...#.# .... ..#
#.......##...#.#### ###. ...#
#.....♣..##.#.....# .h .....
#..<........#.....#


You could see Maggie (mesmerising).

Vanquished Creatures
  Sigmund (D:2)
  2 water moccasins
  2 black bears
  A phantom (D:4)
  4 scorpions
  2 bullfrogs
  2 water moccasin skeletons (D:5)
  6 killer bees (D:6)
  3 electric eels (D:5)
  A hound (D:4)
  An orc priest (D:6)
  Crazy Yiuf (D:2)
  4 iguanas
  A scorpion zombie (D:5)
  An orc wizard (D:6)
  5 adders
  5 gnolls
  An adder skeleton (D:4)
  2 worms (D:2)
  A dart slug (D:3)
  6 orcs
  12 endoplasms
  2 giant cockroaches (D:1)
  7 goblins
  5 hobgoblins
  15 jackals
  6 kobolds
  5 quokkas
  5 ball pythons
  4 bats (D:2)
  6 frilled lizards
  6 rats
125 creatures vanquished.

Vanquished Creatures (others)
  7 plants
7 creatures vanquished.

Grand Total: 132 creatures vanquished

Notes
Turn   | Place    | Note
-------+----------+-------------------------------------------
     0 | D:1      | bjtr the Gargoyle Earth Elementalist began the quest for
                  | the Orb.
     0 | D:1      | Reached XP level 1. HP: 10/10 MP: 3/3
   413 | D:1      | Reached XP level 2. HP: 3/16 MP: 3/5
   894 | D:1      | Reached skill level 1 in Armour
  1175 | D:1      | Reached skill level 4 in Earth Magic
  1498 | D:1      | Reached XP level 3. HP: 13/20 MP: 6/6
  1830 | D:1      | Upgraded the game from 0.27-a0-1232-gc6a4cbde82 to
                  | 0.27-a0-1245-g940ed4fa31
  1897 | D:2      | Found a blossoming altar of Fedhas.
  1991 | D:2      | Noticed Sigmund
  2007 | D:2      | Learned a level 3 spell: Stone Arrow
  2010 | D:2      | Learned a level 2 spell: Passwall
  2333 | D:2      | Found Peklemem's Armour Emporium.
  2831 | D:2      | Reached XP level 4. HP: 24/24 MP: 5/7
  2917 | D:2      | Bought a +0 pair of gloves for 54 gold pieces
  3467 | D:2      | Found a runed translucent door.
  3468 | D:2      | Noticed Crazy Yiuf
  3620 | D:2      | Killed Sigmund
  3621 | D:2      | Reached skill level 1 in Fighting
  3621 | D:2      | Reached skill level 1 in Shields
  3621 | D:2      | Reached skill level 1 in Conjurations
  3621 | D:2      | Reached XP level 5. HP: 18/29 MP: 2/9
  3857 | D:3      | Reached XP level 6. HP: 34/34 MP: 10/10
  3970 | D:3      | Reached skill level 5 in Earth Magic
  5219 | D:4      | Reached XP level 7. HP: 38/40 MP: 9/12
  5913 | D:5      | Entered Level 5 of the Dungeon
  5913 | D:5      | Found a transporter.
  5920 | D:5      | Found a transporter.
  5977 | D:5      | Reached skill level 1 in Hexes
  6476 | D:5      | Found a staircase to the Ecumenical Temple.
  6498 | Temple   | Entered the Ecumenical Temple
  6585 | D:5      | Reached XP level 8. HP: 45/45 MP: 13/13
  6825 | D:4      | Reached skill level 6 in Earth Magic
  7061 | D:5      | Found a basalt altar of Yredelemnul.
  7063 | D:5      | Found a radiant altar of Vehumet.
  7078 | D:5      | Became a worshipper of Vehumet
  8037 | D:2      | Killed Crazy Yiuf
  8567 | D:6      | Found an ancient bone altar of Kikubaaqudgha.
  8829 | D:6      | Reached XP level 9. HP: 16/52 MP: 11/15
  9122 | D:6      | Noticed Maggie
  9123 | D:6      | Reached skill level 7 in Earth Magic
  9225 | D:6      | Slain by Maggie

Illustrated notes

Levels and vault maps discovered:
D:1:      heliophobic_arrival_ceremonial_halls, layout_loops_corners
D:2:      layout_rooms, basic_altar, serial_shops, shop, patterned_corridor,
          uniq_crazy_yiuf_cottage, uniq_sigmund
D:3:      layout_loops_cross, eino_tiny_chamber, grunt_ministairs_7,
          serial_bayou_ford_a
D:4:      layout_cave_pods, minmay_crossroads
D:5:      gammafunk_steamed_eel, layout_layer_cave, jmf_multi_god_temple,
          minmay_temple_entry_waves
D:6:      layout_basic, lemuel_crystal_altar, roderic_lattice_a,
          grunt_ministairs_9, uniq_maggie
Temple:   nicolae_temple_no_exploring_needed

Skill      XL: |  1  2  3  4  5  6  7  8  9 |
---------------+----------------------------+-----
Armour         | 1 2 3 |  3.1
Earth Magic    | 4 5 6 7 |  7.0
Fighting       | 1 2 4 |  4.7
Dodging        | 2 3 |  3.0
Shields        | 1 2 3 |  3.7
Spellcasting   | 3 4 |  4.2
Conjurations   | 1 2 3 4 |  4.4
Hexes          | 1 2 |  2.9
Stealth        | 3 |  3.2
Transmutations | |  0.7

Action                   |  1- 3 |  4- 6 |  7- 9 || total
-------------------------+-------+-------+-------++-------
Melee: Dagger            |   106 |     4 |       ||   110
       Flail             |       |   110 |   165 ||   275
Throw: Stone             |     2 |       |       ||     2
 Cast: Sandblast         |    31 |    25 |    27 ||    83
       Passwall          |     1 |     1 |     1 ||     3
       Stone Arrow       |       |       |    27 ||    27
  Use: Scroll            |     4 |     3 |     3 ||    10
       Potion            |     1 |       |       ||     1
 Stab: Sleeping          |     4 |       |     1 ||     5
Armor: Robe              |    48 |       |       ||    48
       Leather armour    |       |    61 |   111 ||   172
Dodge: Dodged            |    73 |    62 |   139 ||   274
Block: Buckler           |       |    23 |    55 ||    78

Table legend: (Time is in decaauts)
 A = Elapsed time spent in this place.
 B = Non-inter-level travel time spent in this place.
 C = Inter-level travel time spent in this place.
 D = Time resting spent in this place.
 E = Time spent auto-exploring this place.
 F = Levels seen in this place.
 G = Mean time per level.
                   A        B        C        D        E       F      G
               +--------+--------+--------+--------+--------+-----+--------+
         Total |   9359 |   8894 |    465 |   2621 |   4809 |   7 | 1337.0 |
       Dungeon |   9341 |   8876 |    465 |   2621 |   4809 |   6 | 1556.8 |
        Temple |     17 |     17 |      0 |      0 |      0 |   1 |   17.0 |
               +--------+--------+--------+--------+--------+-----+--------+

Top non-repeatable levels by time:
     D:2: 2093 daAuts
     D:5: 2027 daAuts
     D:1: 1870 daAuts
     D:4: 1545 daAuts
     D:3: 1075 daAuts
     D:6: 728 daAuts
  Temple: 17 daAuts
